 Dungeon Crawl Stone Soup version 0.32-a0-391-gce5c0aa (webtiles) character file.

Game seed: 11885782740804394617

831 Nithhogg the Trooper (level 7, -4/62 HPs)
             Began as a Mountain Dwarf Fighter on Feb 19, 2024.
             Slain by a black bear (6 damage)
             ... on level 4 of the Dungeon.
             The game lasted 00:06:27 (3781 turns).

Nithhogg the Trooper (Mountain Dwarf Fighter)       Turns: 3781, Time: 00:06:27

Health: -4/62      AC: 10    Str: 21    XL:     7   Next: 65%
Magic:  11/11      EV:  9    Int: 11    God:
Gold:   137        SH:  4    Dex:  9    Spells: 6/6 levels left

rFire   . . .        a - +0 war axe
rCold   . . .        c - +0 buckler
rNeg    . . .        b - +0 scale mail
rPois   .            i - +2 helmet {Int+3}
rElec   .            (no cloak)
rCorr   .            (no gloves)
SInv    .            (no boots)
Will    .....        (no amulet) Stlth
                     (no ring)
HPRegen 0.30/turn    (no ring)
MPRegen 0.12/turn

%: no passive effects
@: no status effects
A: runic magic, artefact enchanting
a: no special abilities


You were on level 4 of the Dungeon.
You visited 1 branch of the dungeon, and saw 4 of its levels.
You also visited: Sewer.

You collected 137 gold pieces.

Inventory:

Hand Weapons
 a - a +0 war axe (weapon)
Missiles
 q - 4 poisoned darts (quivered)
 t - 6 darts of dispersal
Armour
 b - a +0 scale mail (worn)
 c - a +0 buckler (worn)
 i - a +2 helmet of intelligence (worn)
 o - a +0 scale mail
Wands
 h - a wand of flame (14)
Scrolls
 d - a scroll of blinking
 k - a scroll of fog {unknown}
 l - 3 scrolls of identify
 n - a scroll of noise {unknown}
 s - a scroll of teleportation {unknown}
Potions
 e - a potion of degeneration
 f - a potion of enlightenment {unknown}
 g - a potion of ambrosia
 j - 2 potions of attraction {unknown}
 m - a potion of lignification {unknown}
 p - a potion of curing {unknown}
 r - a potion of heal wounds {unknown}


   Skills:
 + Level 5.8 Fighting
 + Level 5.6 Axes
 + Level 5.7 Armour
 - Level 3.2 Shields
 + Level 5.4 Invocations


You had 6 spell levels left.
You didn't know any spells.
Your spell library contained the following spells:

 Spells                   Type           Power      Damage    Failure   Level
 Inner Flame              Hex/Fire       0%         N/A       86%         3
 Flame Wave               Conj/Fire      0%         2d4       99%         4
 Sticky Flame             Fire/Alch      0%         2d4       99%         4
 Vhi's Electric Charge    Tloc/Air       0%         N/A       99%         4
 Arcjolt                  Conj/Air       0%         1d10      100%        5
 Plasma Beam              Fire/Air       0%         2x1d10    100%        6


Dungeon Overview and Level Annotations

Branches:
Dungeon (4/15)              Sewer (visited)
 Temple: D:4-7

Altars:
Cheibriados
Fedhas
Hepliaklqana
Xom

Shops:
D:2 (


Innate Abilities, Weirdness & Mutations

Your spellcasting is much less encumbered by armour.
You can use scrolls of enchantment on lesser artefacts.


Message History

The black bear barely misses you.
You hit the black bear but do no damage.
The black bear is almost dead.
The black bear barely misses you. The black bear claws you.
The black bear claws you but does no damage.
The black bear barely misses you.
The black bear claws you but does no damage. x2
You closely miss the black bear.
The black bear is almost dead.
The black bear closely misses you.
The black bear claws you but does no damage.
The black bear closely misses you. The black bear barely misses you.
The black bear claws you but does no damage. x2
You barely miss the black bear.
The black bear is almost dead.
The black bear bites you. The black bear claws you. x2
The black bear bites you!
The black bear claws you but does no damage.
The black bear closely misses you.
You are too injured to fight recklessly!
The black bear attacks as it pursues you!
The black bear bites you!
The black bear claws you but does no damage.
The black bear claws you.
* * * LOW HITPOINT WARNING * * *
The black bear bites you.
* * * LOW HITPOINT WARNING * * *
The black bear claws you but does no damage. x2
Aiming: Throw Flame
Press: ? - help, Shift-Dir - straight line, f - black bear
Aim: a black bear (almost dead, berserk, 77% to hit)
The puff of flame misses the black bear.
The black bear bites you!
* * * LOW HITPOINT WARNING * * *
The black bear claws you but does no damage.
The black bear claws you.
* * * LOW HITPOINT WARNING * * *
The black bear bites you but does no damage.
The black bear claws you.
You die...

.........# #..........
.........# #..........
.........# ..........
##......## #.......# ##......##
##.......## .........#
#.......... .........#
###'####### .........#
#..h......# .........#
#..@......# .).......#
#.........#
##....########.........#
#.###.####...#.........#
.#...##......'.........#
.#....#......#.........#
.#.....#.....#.........#######
#.#....###...#.........รท.....#
.###...################......#


You could see a black bear (berserk).

Vanquished Creatures
  Menkaure (D:4)
  2 bullfrogs (Sewer)
  A scorpion (D:4)
  2 bombardier beetles (D:4)
  A jelly (D:4)
  A hound (D:4)
  An iguana (D:4)
  Jessica (D:2)
  Natasha (twice) (D:3)
  2 orc wizards (D:4)
  5 adders
  A white imp (D:4)
  8 dart slugs
  A ribbon worm (D:2)
  3 orcs (D:4)
  3 bats
  7 endoplasms
  19 giant cockroaches
  5 goblins
  13 hobgoblins
  14 jackals
  4 kobolds
  3 quokkas (D:4)
  5 ball pythons
  7 frilled lizards
  5 rats
117 creatures vanquished.

Notes
Turn   | Place    | Note
-------+----------+-------------------------------------------
     0 | D:1      | Nithhogg the Mountain Dwarf Fighter began the quest for the
                  | Orb.
     0 | D:1      | Reached XP level 1. HP: 19/19 MP: 1/1
   128 | D:1      | Reached skill level 1 in Invocations
   128 | D:1      | Reached XP level 2. HP: 26/26 MP: 2/2
   600 | D:2      | Reached XP level 3. HP: 33/33 MP: 4/4
   607 | D:2      | Found a faded altar of an unknown god.
   853 | D:2      | Found Teg Noehau's Antique Weapon Shoppe.
  1014 | D:2      | Reached XP level 4. HP: 36/40 MP: 5/5
  1099 | D:2      | Noticed Jessica
  1109 | D:2      | Killed Jessica
  1386 | D:3      | Reached XP level 5. HP: 46/46 MP: 7/7
  1495 | D:3      | Noticed Natasha
  1504 | D:3      | Killed Natasha
  1710 | D:3      | Found a snail-covered altar of Cheibriados.
  1747 | D:3      | Noticed Natasha
  1760 | D:3      | Killed Natasha
  2239 | D:4      | Reached XP level 6. HP: 34/53 MP: 8/8
  2259 | D:4      | Found a shimmering altar of Xom.
  2278 | D:4      | Found a glowing drain.
  2298 | Sewer    | Entered a sewer
  2412 | Sewer    | Reached skill level 5 in Fighting
  2582 | Sewer    | Reached skill level 5 in Armour
  2583 | Sewer    | Reached skill level 5 in Axes
  2583 | Sewer    | Reached XP level 7. HP: 21/61 MP: 10/10
  3109 | D:4      | Found a blossoming altar of Fedhas.
  3277 | D:4      | Reached skill level 5 in Invocations
  3420 | D:4      | Noticed Menkaure
  3425 | D:4      | Killed Menkaure
  3677 | D:4      | Found a hazy altar of Hepliaklqana.
  3781 | D:4      | HP: 2/62 [black bear (5)]
  3781 | D:4      | Slain by a black bear

Illustrated notes

Levels and vault maps discovered:
D:1:      dpeg_arrival_rhombus, layout_basic
D:2:      layout_basic, hellmonk_ecumenical_altar_leap_of_faith, serial_shops,
          shop, minmay_misc_feat_secret_circle, minmay_worlds_worst_comb,
          uniq_jessica
D:3:      layout_loops_cross, mainiacjoe_overflow_alcove_1, uniq_natasha
D:4:      nicolae_BIG_FREAKIN_CUBE, layout_gridville,
          mainiacjoe_overflow_alcove_2, fedhas_altar_2, xom_teletrap_fun,
          portal_sewer_entry_f, minmay_fire_ice_demons, uniq_menkaure

Skill      XL: |  1  2  3  4  5  6  7 |
---------------+----------------------+-----
Invocations    | 1 2 3 4 5 |  5.4
Axes           | 3 4 5 |  5.6
Fighting       | 4 5 |  5.8
Armour         | 4 5 |  5.7
Shields        | |  3.2

Action                     |  1- 3 |  4- 6 |  7- 9 || total
---------------------------+-------+-------+-------++-------
  Melee: War axe           |    64 |   206 |    64 ||   334
  Evoke: Wand              |       |       |     6 ||     6
    Use: Scroll            |     6 |       |       ||     6
         Potion            |       |     2 |       ||     2
 Armour: Scale mail        |    44 |   222 |    71 ||   337
  Dodge: Dodged            |    32 |   144 |    37 ||   213
  Block: Buckler           |    14 |    37 |     8 ||    59

Table legend: (Time is in decaauts)
 A = Elapsed time spent in this place.
 B = Non-inter-level travel time spent in this place.
 C = Inter-level travel time spent in this place.
 D = Time resting spent in this place.
 E = Time spent auto-exploring this place.
 F = Levels seen in this place.
 G = Mean time per level.
                   A        B        C        D        E       F      G
               +--------+--------+--------+--------+--------+-----+--------+
         Total |   4063 |   3999 |     64 |      0 |   2766 |   5 |  812.6 |
       Dungeon |   3140 |   3076 |     64 |      0 |   2319 |   4 |  785.0 |
         Sewer |    922 |    922 |      0 |      0 |    447 |   1 |  922.0 |
               +--------+--------+--------+--------+--------+-----+--------+

Top non-repeatable levels by time:
     D:4: 956 daAuts
   Sewer: 922 daAuts
     D:2: 794 daAuts
     D:3: 785 daAuts
     D:1: 603 daAuts
